 Dungeon Crawl Stone Soup version 0.29-a0-284-gf9362112df (webtiles) character file.

Game seed: 8715256143410396617

4256 bjtr the Thaumaturge (level 10, -2/44 HPs)
             Began as a Spriggan Conjurer on Mar 28, 2022.
             Was a Believer of Vehumet.
             Slain by a hornet (12 damage)
             ... on level 9 of the Dungeon.
             The game lasted 00:49:13 (10956 turns).

bjtr the Thaumaturge (Spriggan Conjurer)           Turns: 10956, Time: 00:49:14

Health: -2/44      AC:  7    Str:  5    XL:     10   Next: 10%
Magic:  19/24      EV: 21    Int: 21    God:    Vehumet [**....]
Gold:   283        SH:  0    Dex: 15    Spells: 23/27 levels left

rFire   . . .      SeeInvis +   a - staff of conjuration
rCold   + . .      Faith    .   (shield currently unavailable)
rNeg    . . .      Spirit   .   M - +1 robe "Enovvon" {rElec rPois rC+}
rPois   +          Reflect  .   (helmet restricted)
rElec   +          Harm     .   (no cloak)
rCorr   .          Rampage  .   (gloves unavailable)
Will    +....                   (boots unavailable)
Stlth   +++.......              (no amulet)
HPRegen 0.14/turn               x - +4 ring of protection
MPRegen 0.19/turn               (no ring)

@: lethally poisoned (-2 -> -18), very quick
A: very small, no large weapons, unfitting armour, see invisible, speed 3
a: Renounce Religion


You were on level 9 of the Dungeon.
You worshipped Vehumet.
Vehumet was pleased with you.
You visited 2 branches of the dungeon, and saw 10 of its levels.
You also visited: Ossuary.

You collected 391 gold pieces.
You spent 108 gold pieces at shops.

Inventory:

Hand Weapons
 b - a +2 shortbow of freezing
 f - a +0 spectral mace
 k - a +1 vorpal war axe
 l - a +2 whip of venom
 n - a +1 vampiric whip
 r - a +0 flail
 s - a +1 long sword of protection
 A - a +0 hunting sling
 I - a +2 dagger of speed
 J - a +0 rapier
 L - a +2 dagger of electrocution
Missiles
 j - 256 stones
 m - 15 poisoned darts
 t - 4 throwing nets
 w - 4 boomerangs
Armour
 p - an orb of energy
 u - a +2 robe of fire resistance
 z - a +0 buckler
 M - the +1 robe "Enovvon" (worn) {rElec rPois rC+}
   (You found it on level 8 of the Dungeon)

   rC:        It protects you from cold.
   rElec:     It insulates you from electricity.
   rPois:     It protects you from poison.
Magical Staves
 a - a staff of conjuration (weapon)
Jewellery
 x - a +4 ring of protection (left hand)
Wands
 G - a wand of flame (14)
Scrolls
 e - 3 scrolls of fog
 h - a scroll of brand weapon
 i - 4 scrolls of fear
 q - 2 scrolls of identify
 y - 2 scrolls of amnesia
 B - a scroll of blinking
 H - a scroll of enchant armour
 K - a scroll of magic mapping
Potions
 c - 2 potions of might
 d - 4 potions of magic
 g - a potion of haste
 o - 5 potions of curing
 v - 4 potions of brilliance
 C - 4 potions of ambrosia
 D - a potion of mutation
 E - a potion of lignification
 F - a potion of heal wounds


   Skills:
 + Level 1.2 Bows
 * Level 7.8 Dodging
 + Level 5.0 Stealth
 + Level 9.0 Spellcasting
 * Level 8.2 Conjurations
 * Level 6.5 Evocations


You had 23 spell levels left.
You knew the following spells:

 Your Spells              Type           Power      Damage    Failure   Level
a - Magic Dart            Conj           100%       1d8       1%          1
b - Searing Ray           Conj           100%       2d8       1%          2
c - Foxfire               Conj/Fire      100%       2x1d9     1%          1

Your spell library contained the following spells:

 Spells                   Type           Power      Damage    Failure   Level
 Freeze                   Ice            36%        1d6       7%          1
 Dazzling Flash           Conj/Hex       80%        N/A       4%          3
 Sublimation of Blood     Necr           9%         N/A       11%         2
 Wereblood                Tmut           9%         N/A       11%         2
 Fulminant Prism          Conj/Hex       20%        3d13      13%         4
 Iskenderun's Mystic Bla  Conj/Tloc      40%        2d9       13%         4
 Irradiate                Conj/Tmut      20%        3d20      36%         5
 Lightning Bolt           Conj/Air       20%        1d35      36%         5
 Airstrike                Air            4%         N/A       56%         4
 Petrify                  Tmut/Erth      9%         N/A       56%         4
 Summon Lightning Spire   Summ/Air       9%         N/A       56%         4
 Summon Hydra             Summ           4%         N/A       100%        7


Dungeon Overview and Level Annotations

Branches:
Dungeon (9/15)             Temple (1/1) D:5            Lair (0/6) D:8
Ossuary (visited)
    Orc: D:9-12

Altars:
Ashenzari
Cheibriados
Dithmenos
Fedhas
Gozag
Hepliaklqana
Kikubaaqudgha
Makhleb
Nemelex Xobeh
Okawaru
Qazlal
Ru
Sif Muna
Trog
Uskayaw
Vehumet
Wu Jian
Xom
Yredelemnul
Zin
The Shining One

Shops:
D:5 [   D:7 (

Annotations:
D:8 Gastronok


Innate Abilities, Weirdness & Mutations

You are very small and have problems with some larger weapons.
You are too small for most types of armour.
You have supernaturally acute eyesight. (SInv)
You cover ground extremely quickly. (Speed+++)


Message History

Confirm with . or Enter, or press ? or * to list all spells.
Aiming: Searing Ray (safe; 1% risk of failure)
Press: ? - help, Shift-Dir - straight line, f/p - orc wizard
Aim: an orc wizard, wielding a +0 dagger and wearing a +0 robe (moderately wounded, 79% to hit)
You feel a surge of power!
The searing ray hits the orc wizard!
You kill the orc wizard!
Vehumet accepts your kill.
You feel your power returning. (Press . to maintain the ray.)
Things that are here:
a +0 dagger; a +0 robe Magic restored.
Done exploring.
Done exploring.
There is a stone staircase leading down here.
You climb downwards.
There is a stone staircase leading up here.
Casting: Searing Ray (safe; 1% risk of failure)
Confirm with . or Enter, or press ? or * to list all spells.
Aiming: Searing Ray (safe; 1% risk of failure)
Press: ? - help, Shift-Dir - straight line, f - hornet
Aim: a hornet (asleep, 100% to hit)
You feel a surge of power!
The searing ray hits the hornet.
The hornet is lightly wounded.
The hornet buzzes angrily. (Press . to maintain the ray.)
The searing ray misses the hornet.
The hornet stings you.
You are poisoned.
The hornet stings you!
You are more poisoned.
The searing ray misses the hornet.
You feel very sick. The hornet stings you!
The searing ray hits the hornet.
The hornet is lightly wounded.
You finish channelling your searing ray.
* * * LOW HITPOINT WARNING * * *
You feel very sick. The hornet stings you!
You die...

## ..
#.###
#..@#
###y#
#..
###.
.# #


You could see a hornet.

Vanquished Creatures
  A two-headed ogre (D:8)
  A steam dragon (D:8)
  Menkaure (D:7)
  A water moccasin (D:5)
  4 black bears
  2 sky beasts
  An ice beast (D:5)
  2 orc warriors (D:8)
  2 centaurs
  3 ogres
  A phantom (D:6)
  3 elf zombies (Ossuary)
  A kobold brigand (D:7)
  4 scorpions
  A bullfrog (D:7)
  A necrophage (D:5)
  4 killer bees (D:7)
  4 centaur zombies (Ossuary)
  3 hounds (D:5)
  A jelly (D:6)
  7 orc priests
  5 human zombies (Ossuary)
  2 iguanas
  9 orc wizards
  3 mummies (Ossuary)
  3 gnolls (D:4)
  10 adders
  A shadow imp (D:8)
  A white imp (D:5)
  An ufetubus (D:7)
  2 worms
  3 dart slugs
  39 orcs
  9 endoplasms
  3 giant cockroaches
  7 goblins
  8 hobgoblins
  2 jackals (D:1)
  6 kobolds
  4 quokkas
  10 ball pythons
  3 bats
  3 frilled lizards
  4 rats
186 creatures vanquished.

Vanquished Creatures (others)
  20 foxfires
20 creatures vanquished.

Grand Total: 206 creatures vanquished

Notes
Turn   | Place    | Note
-------+----------+-------------------------------------------
     0 | D:1      | bjtr the Spriggan Conjurer began the quest for the Orb.
     0 | D:1      | Reached XP level 1. HP: 9/9 MP: 5/5
   274 | D:1      | Reached XP level 2. HP: 13/13 MP: 4/6
   277 | D:1      | Learned a level 2 spell: Searing Ray
   621 | D:1      | Reached skill level 3 in Spellcasting
   869 | D:1      | Found a faded altar of an unknown god.
   873 | D:1      | Got Plato's Grimoire of Confrontation
   876 | D:1      | Learned a level 1 spell: Foxfire
   988 | D:1      | Reached XP level 3. HP: 16/16 MP: 1/8
  1466 | D:2      | You fall into a shaft and drop 2 floors!
  1476 | D:4      | Noticed a scorpion
  1752 | D:4      | Killed a scorpion
  1753 | D:4      | Reached XP level 4. HP: 19/21 MP: 1/10
  1856 | D:3      | Reached skill level 4 in Spellcasting
  1856 | D:3      | Reached XP level 5. HP: 24/24 MP: 4/12
  3828 | D:4      | Found a stormy altar of Qazlal.
  3829 | D:4      | Noticed a black bear
  3842 | D:4      | Killed a black bear
  3843 | D:4      | Reached skill level 1 in Evocations
  3843 | D:4      | Reached XP level 6. HP: 28/28 MP: 5/14
  4314 | D:4      | Reached skill level 5 in Spellcasting
  4792 | D:4      | Reached skill level 5 in Conjurations
  4792 | D:4      | Reached XP level 7. HP: 32/32 MP: 12/15
  5391 | D:5      | Entered Level 5 of the Dungeon
  5631 | D:5      | Reached skill level 5 in Dodging
  5708 | D:5      | Reached skill level 6 in Spellcasting
  5961 | D:5      | Found a staircase to the Ecumenical Temple.
  5977 | D:5      | Reached XP level 8. HP: 25/36 MP: 5/18
  6142 | Temple   | Entered the Ecumenical Temple
  6149 | Temple   | Became a worshipper of Vehumet
  6254 | D:5      | Found Xumac's Armour Emporium.
  6905 | D:6      | Found a shimmering altar of Xom.
  6959 | D:6      | Reached skill level 7 in Spellcasting
  7566 | D:7      | Found Voytetta's Antique Weapon Boutique.
  7569 | D:7      | Bought a glowing shortbow for 108 gold pieces
  7576 | D:7      | Found a sand-covered staircase.
  7581 | Ossuary  | Entered an ossuary
  7712 | Ossuary  | Reached * piety under Vehumet
  7712 | Ossuary  | Offered knowledge of Shock by Vehumet.
  7802 | Ossuary  | Reached XP level 9. HP: 35/39 MP: 5/21
  8131 | D:7      | Noticed Menkaure
  8145 | D:7      | Killed Menkaure
  8146 | D:7      | Reached skill level 8 in Spellcasting
  8417 | D:7      | Reached skill level 5 in Evocations
  8907 | D:7      | Found a hide-covered altar of Uskayaw.
  9228 | D:7      | Offered knowledge of Freeze by Vehumet.
  9479 | D:8      | Reached ** piety under Vehumet
  9532 | D:8      | Found a staircase to the Lair.
  9666 | D:8      | Reached skill level 1 in Bows
 10051 | D:8      | Noticed a two-headed ogre
 10092 | D:8      | Killed a two-headed ogre
 10093 | D:8      | Reached skill level 5 in Stealth
 10093 | D:8      | Reached skill level 9 in Spellcasting
 10093 | D:8      | Reached XP level 10. HP: 44/44 MP: 10/24
 10193 | D:8      | Noticed Gastronok
 10737 | D:8      | Identified the +1 robe "Enovvon" {rElec rPois rC+}
 10956 | D:9      | Slain by a hornet

Illustrated notes

Levels and vault maps discovered:
D:1:      dpeg_arrival_round_c, layout_rooms,
          shapermc_ecumenical_altar_rom_forum, minmay_hedge_maze,
          minmay_indecisive_spiral
D:2:      layout_loops_ring
D:3:      layout_basic
D:4:      layout_basic, mainiacjoe_overflow_chevrons
D:5:      layout_basic, minmay_temple_entry_grid, serial_shops,
          nicolae_shop_stone, hangedman_decor_growths,
          amcnicky_mini_rare_corridor_liquid
D:6:      layout_gridville, amcnicky_altar_gilded
D:7:      layout_cave_pools, eat_drink_and_be_merry_uskayaw, enter_ossuary_2,
          nicolae_stop_n_shop_1, hangedman_decor_points, dk_noncrumbling_4,
          uniq_menkaure
D:8:      layout_loops_ring, lair_entry_dummy, chequers_serial_rivers_micro_d,
          uniq_gastronok
D:9:      layout_roguey, uniq_erolcha
Temple:   nicolae_temple_no_exploring_needed

Skill      XL: |  1  2  3  4  5  6  7  8  9 |
---------------+----------------------------+-----
Conjurations   | 3 4 5 6 8 |  8.2
Spellcasting   | 3 4 5 6 7 9 |  9.0
Dodging        | 3 4 5 6 7 |  7.8
Evocations     | 1 3 4 6 |  6.5
Stealth        | 4 5 |  5.0
Bows           | 1 |  1.2

Action                   |  1- 3 |  4- 6 |  7- 9 | 10-12 || total
-------------------------+-------+-------+-------+-------++-------
Melee: Whip              |     1 |       |       |       ||     1
       Staff             |       |     3 |    17 |       ||    20
 Fire: Shortbow          |       |       |     7 |       ||     7
 Cast: Magic Dart        |    43 |    53 |   108 |     5 ||   209
       Searing Ray       |    10 |    34 |    73 |     4 ||   121
       Foxfire           |     3 |       |    10 |     2 ||    15
  Use: Scroll            |     7 |       |    11 |       ||    18
       Potion            |       |       |     1 |       ||     1
Armor: Robe              |     4 |       |    15 |       ||    19
Dodge: Dodged            |     4 |     7 |    57 |     4 ||    72

Table legend: (Time is in decaauts)
 A = Elapsed time spent in this place.
 B = Non-inter-level travel time spent in this place.
 C = Inter-level travel time spent in this place.
 D = Time resting spent in this place.
 E = Time spent auto-exploring this place.
 F = Levels seen in this place.
 G = Mean time per level.
                   A        B        C        D        E       F      G
               +--------+--------+--------+--------+--------+-----+--------+
         Total |   9018 |   8871 |    147 |   3748 |   3803 |  11 |  819.8 |
       Dungeon |   8575 |   8436 |    139 |   3471 |   3771 |   9 |  952.8 |
        Temple |     10 |      3 |      7 |      0 |      0 |   1 |   10.0 |
       Ossuary |    432 |    432 |      0 |    277 |     31 |   1 |  432.0 |
               +--------+--------+--------+--------+--------+-----+--------+

Top non-repeatable levels by time:
     D:4: 1673 daAuts
     D:7: 1350 daAuts
     D:1: 1155 daAuts
     D:5: 1135 daAuts
     D:8: 1096 daAuts
     D:3: 1015 daAuts
     D:6: 598 daAuts
     D:2: 547 daAuts
 Ossuary: 432 daAuts
  Temple: 10 daAuts
     D:9: 3 daAuts
